 Dungeon Crawl Stone Soup version 0.28.0-43-g3370ac3207 (webtiles) character file.

Game seed: 3935108691816168920

48 pkoi the Magician (level 4, -2/32 HPs)
             Began as a Djinni Ice Elementalist on Mar 22, 2022.
             Splashed by a jelly's acid (11 damage)
             ... on level 2 of the Dungeon.
             The game lasted 00:02:28 (3007 turns).

pkoi the Magician (Djinni Ice Elementalist)         Turns: 3007, Time: 00:02:28

Health: -2/32      AC: -5    Str:  7    XL:     4   Next: 0%
Gold:   64         EV: 12    Int: 18    God:
                   SH:  0    Dex: 14

rFire   + + .      SeeInvis .   g - +0 short sword (flame)
rCold   x . .      Faith    .   (no shield)
rNeg    . . .      Spirit   .   a - +0 robe
rPois   ∞          Reflect  .   (no helmet)
rElec   .          Harm     .   d - +0 cloak
rCorr   .          Rampage  .   (no gloves)
Will    .....                   (boots unavailable)
Stlth   ++........              (no amulet)
HPRegen 0.10/turn               (no ring)
MPRegen 0.00/turn               (no ring)

@: corroded, flying
A: sickness immunity, fire resistance 2, cold vulnerability 1, float, innate
caster, HP casting, extra vitality 1
a: no special abilities


You were on level 2 of the Dungeon.
You visited 1 branch of the dungeon, and saw 2 of its levels.

You collected 64 gold pieces.

Inventory:

Hand Weapons
 c - a +0 whip
 g - a +0 short sword of flaming (weapon)
Armour
 a - a +0 robe (worn)
 d - a +0 cloak (worn)
Scrolls
 b - a scroll of fog {unknown}
 f - a scroll of torment {unknown}
Potions
 e - a potion of lignification {unknown}


   Skills:
 + Level 1.1 Fighting
 - Level 2.1 Dodging
 - Level 1.5 Stealth
 * Level 4.0 Spellcasting


You couldn't memorise any spells.
You knew the following spells:

 Your Spells              Type           Power      Damage    Failure   Level
a - Freeze                Ice            72%        1d9       2%          1
b - Frozen Ramparts       Ice            36%        1d5       9%          3
c - Ozocubu's Armour      Ice            18%        N/A       9%          3
d - Hailstorm             Conj/Ice       18%        3d6       26%         4
e - Sandblast             Erth           36%        2d10      2%          1
Your spell library was empty.

Dungeon Overview and Level Annotations

Branches:
Dungeon (2/15)

Altars:

Annotations:
D:2 exclusion: door


Innate Abilities, Weirdness & Mutations

You are immune to sickness and miasma.
You are immune to poison.
Your flesh is very heat resistant. (rF++)
You are vulnerable to cold. (rC-)
You float through the air rather than walking.
You learn spells naturally, not from books.
Your magical power is your life essence.
You have superior vitality. (+4 MHP)


Message History

Press: ? - help, Q - select action, (/) - cycle Shift-Dir - straight line, f - jelly
Aim: a jelly You freeze the jelly.
The jelly is moderately wounded.
* * * LOW HITPOINT WARNING * * *
The jelly misses you.
Aiming: Freeze (safe; 2% risk of failure)
Press: ? - help, Q - select action, (/) - cycle Shift-Dir - straight line, f/p - jelly
Aim: a jelly (moderately wounded)
You freeze the jelly.
The jelly is moderately wounded.
* * * LOW HITPOINT WARNING * * *
The jelly completely misses you.
Aiming: Freeze (safe; 2% risk of failure)
Press: ? - help, Q - select action, (/) - cycle Shift-Dir - straight line, f/p - jelly
Aim: a jelly (moderately wounded)
You freeze the jelly.
The jelly is heavily wounded.
* * * LOW HITPOINT WARNING * * *
The jelly misses you.
Aiming: Freeze (safe; 2% risk of failure)
Press: ? - help, Q - select action, (/) - cycle Shift-Dir - straight line, f/p - jelly
Aim: a jelly (heavily wounded)
You freeze the jelly.
The jelly is heavily wounded.
* * * LOW HITPOINT WARNING * * *
The jelly hits you.
* * * LOW HITPOINT WARNING * * *
You are splashed with acid!
* * * LOW HITPOINT WARNING * * *
Aiming: Freeze (safe; 2% risk of failure)
Press: ? - help, Q - select action, (/) - cycle Shift-Dir - straight line, f/p - jelly
Aim: a jelly (heavily wounded)
You freeze the jelly!
The jelly is almost dead.
* * * LOW HITPOINT WARNING * * *
The jelly hits you.
* * * LOW HITPOINT WARNING * * *
The acid corrodes you!
You are splashed with acid!
You die...

##### ##≈P.## #.≈≈..###
#######.♣≈....#
###......≈♣≈≈...#
#.....####≈.....# ####
#...#.# ##.##### #...
#####@#####.# #.
.>$.....J#.[..#######.#.
#######...............#.
####### #######..###### #.
#.JJ...############.## #.
#PP....+##......###..# #.
#....JJ#.#..(....##..# #.
#P.....#.#........'..# #####
#....JJ#.#........'..####....


You could see a jelly.

Vanquished Creatures
  An adder (D:2)
  2 worms (D:2)
  2 dart slugs (D:1)
  An orc (D:2)
  4 giant cockroaches
  A goblin (D:1)
  3 hobgoblins
  2 quokkas (D:1)
  2 bats
  9 kobolds
27 creatures vanquished.

Vanquished Creatures (others)
  9 fungi (D:2)
  7 toadstools (D:2)
16 creatures vanquished.

Grand Total: 43 creatures vanquished

Notes
Turn   | Place    | Note
-------+----------+-------------------------------------------
     0 | D:1      | pkoi the Djinni Ice Elementalist began the quest for the
                  | Orb.
     0 | D:1      | Reached XP level 1. HP: 15/15 MP: 0/0
   479 | D:1      | Reached XP level 2. HP: 19/21 MP: 0/0
  1919 | D:2      | Reached XP level 3. HP: 22/26 MP: 0/0
  1919 | D:2      | Learned a level 1 spell: Sandblast
  2291 | D:2      | Reached skill level 1 in Fighting
  2333 | D:2      | Reached skill level 4 in Spellcasting
  2713 | D:2      | Reached XP level 4. HP: 9/32 MP: 0/0
  3007 | D:2      | Splashed by a jelly's acid

Illustrated notes

Levels and vault maps discovered:
D:1:      scummos_arrival_hexagon, layout_rooms, grunt_decor_resistance
D:2:      cheibrodos_fertilizer, layout_basic, ebering_ecumenical_altar_box,
          basic_altar, serial_bayou, serial_bayou_pond_d, serial_bayou_pond_d,
          serial_bayou_crossing, serial_bayou_pond_e, serial_bayou_pond_c

Skill      XL: |  1  2  3 |
---------------+----------+-----
Fighting       | 1 |  1.1
Spellcasting   | 4 |  4.0
Dodging        | |  2.1
Stealth        | |  1.5

Action                   |  1- 3 |  4- 6 || total
-------------------------+-------+-------++-------
Melee: Whip              |    29 |       ||    29
       Short sword       |    14 |     1 ||    15
 Cast: Freeze            |    35 |     5 ||    40
       Frozen Ramparts   |     1 |       ||     1
Armor: Robe              |    16 |       ||    16
Dodge: Dodged            |    46 |     5 ||    51
